 Dungeon Crawl Stone Soup version 0.21-a0-185-g3a6ed1e (webtiles) character file.

629 wolfsongas the Covert (level 7, -17/45 HPs)
             Began as an Octopode Assassin on Aug 12, 2017.
             Was an Initiate of Gozag.
             Demolished by an ogre
             ... wielding a +0 giant club
              (21 damage)
             ... on level 5 of the Dungeon.
             The game lasted 00:04:53 (3834 turns).

wolfsongas the Covert (Octopode Assassin)           Turns: 3834, Time: 00:04:53

Health: -17/45     AC:  1    Str: 15 (16) XL:     7   Next: 48%
Magic:  7/7        EV: 13    Int: 12 (13) God:    Gozag
Gold:   336        SH:  0    Dex: 13      Spells: 6/6 levels left

rFire    + . .     SeeInvis .   a - +2 dagger
rCold    . . .     Gourm    .   (no shield)
rNeg     . . .     Faith    .   (helmet restricted)
rPois    .         Spirit   .   (no amulet)
rElec    .         Reflect  .   f - +5 ring of strength
rCorr    .         Harm     .   (no ring)
MR       .....                  (no ring)
Stlth    +++++.....             (no ring)
HPRegen  0.15/turn              (no ring)
MPRegen  0.10/turn              (no ring)
                                (no ring)
                                (no ring)

@: gold aura
A: almost no armour, stealthy swim, amphibious, 8 rings, constrict 8, camouflage
1, clumsy 1, deterioration 1, fire resistance 1, mutation resistance 1,
gelatinous body 1
a: Potion Petition, Call Merchant, Bribe Branch, Renounce Religion


You were on level 5 of the Dungeon.
You worshipped Gozag.
Gozag was aware of your devotion.
You were not hungry.

You visited 1 branch of the dungeon, and saw 5 of its levels.

You collected 397 gold pieces.
You paid 61 gold pieces to Gozag.

Inventory:

Hand Weapons
 a - a +2 dagger (weapon)
 b - a +0 blowgun
Missiles
 c - 8 poisoned needles
 d - 2 curare-tipped needles
Jewellery
 f - a +5 ring of strength (left tentacle)
Wands
 h - a wand of random effects (19/48)
Scrolls
 e - 4 scrolls of remove curse
 g - a scroll of immolation
 j - a scroll of random uselessness {unknown}
 k - 2 scrolls of identify
 l - 2 scrolls of teleportation
 n - a scroll of magic mapping {unknown}
Potions
 m - a potion of heal wounds
Comestibles
 i - 8 fruits


   Skills:
 - Level 2.0 Fighting
 * Level 5.1 Short Blades
 - Level 2.0 Throwing
 - Level 1.0 Dodging
 + Level 10.3 Stealth


You had 6 spell levels left.
You didn't know any spells.

Dungeon Overview and Level Annotations

Branches:
Dungeon (5/15)
 Temple: D:4-7

Altars:
Ashenzari
Elyvilon
Gozag
Nemelex Xobeh
Sif Muna


Innate Abilities, Weirdness & Mutations

You cannot wear most types of armour.
You are very stealthy in the water. (Stealth+)
You are amphibious.
You can wear up to eight rings at the same time.
You can use your tentacles to constrict eight enemies at once.
Your skin changes colour to match your surroundings (Stealth+).
Your rubbery body absorbs attacks. (AC +1, EV +1)
You are clumsy. (Dex -2)
Your body sometimes deteriorates upon taking damage.
Your flesh is heat resistant. (rF+)
You are somewhat resistant to further mutation.


Message History

The jackal completely misses you.
You hit the ogre. You squeeze the ogre.
The ogre is heavily wounded.
The jackal bites you.
* * * LOW HITPOINT WARNING * * *
The ogre barely misses you.
You hit the ogre but do no damage.
The ogre is heavily wounded.
The jackal is no longer distracted by gold.
The jackal is distracted by the nearby gold.
The jackal barely misses you.
The jackal barks!
You hit the ogre. You squeeze the ogre.
The ogre is almost dead.
The jackal barely misses you. The ogre misses you.
You barely miss the ogre.
The ogre is almost dead.
The jackal barely misses you. The ogre hits you with a giant club!!
You die...
Your body crumbles into a pile of gold.

######### #..
....#..#....# ...
....+..#..<.+ ...
...#..#....# ###.##
#..#..'....#
##.....##..##'#....#
#.......#..#..######
#.....h.#..#...#
...._.h@...'...#
#.....O.#.(#####
#.......#.....
##.....##.#....#
###.## #.+....# ...
..#...... ...
...#####.. ... ....
..


You could see an ogre and 2 jackals.

Vanquished Creatures
  3 ogres (D:4)
  2 howler monkeys (D:4)
  A hound (D:5)
  An orc wizard (D:4)
  Jessica (D:2)
  Terence (D:2)
  2 worker ants (D:4)
  6 adders
  An ooze (D:1)
  A worm (D:2)
  A dart slug (D:1)
  6 leopard geckos
  8 orcs
  2 ball pythons
  7 bats
  3 giant cockroaches
  6 goblins
  6 hobgoblins
  5 jackals
  4 kobolds
  A quokka (D:4)
  A ball python skeleton (D:4)
  A frilled lizard (D:4)
  10 rats
80 creatures vanquished.

Notes
Turn   | Place    | Note
-------+----------+-------------------------------------------
     0 | D:1      | wolfsongas the Octopode Assassin began the quest for the Orb.
     0 | D:1      | Reached XP level 1. HP: 14/14 MP: 1/1
   241 | D:1      | Reached skill level 6 in Stealth
   241 | D:1      | Reached XP level 2. HP: 13/19 MP: 2/2
   604 | D:1      | Reached XP level 3. HP: 24/24 MP: 3/3
  1111 | D:2      | Noticed Jessica
  1121 | D:2      | Killed Jessica
  1121 | D:2      | Reached skill level 7 in Stealth
  1285 | D:2      | Reached XP level 4. HP: 24/29 MP: 4/4
  1360 | D:2      | Found a shattered altar of Ashenzari.
  1397 | D:2      | Found a sparkling altar of Nemelex Xobeh.
  1555 | D:2      | Noticed Terence
  1562 | D:2      | Killed Terence
  1777 | D:3      | Reached XP level 5. HP: 26/34 MP: 5/5
  1942 | D:3      | Reached skill level 8 in Stealth
  2808 | D:4      | Found an opulent altar of Gozag.
  2815 | D:4      | Became a worshipper of Gozag Ym Sagoz the Greedy
  3118 | D:4      | Reached XP level 6. HP: 39/39 MP: 6/6
  3154 | D:4      | Gained mutation: Your body sometimes deteriorates upon taking damage. [potion of mutation]
  3154 | D:4      | Gained mutation: You are clumsy. (Dex -2) [potion of mutation]
  3154 | D:4      | Gained mutation: You are somewhat resistant to further mutation. [potion of mutation]
  3154 | D:4      | Gained mutation: Your flesh is heat resistant. (rF+) [potion of mutation]
  3205 | D:4      | Found a white marble altar of Elyvilon.
  3207 | D:4      | Reached skill level 9 in Stealth
  3266 | D:4      | Reached XP level 7. HP: 45/45 MP: 7/7
  3278 | D:4      | Reached skill level 10 in Stealth
  3722 | D:4      | Reached skill level 5 in Short Blades
  3799 | D:5      | Entered Level 5 of the Dungeon
  3814 | D:5      | Found a deep blue altar of Sif Muna.
  3834 | D:5      | Demolished by an ogre

Vault maps used:
D:1:      co_arrival_random_square_maze
D:2:      lemuel_crystal_altar, minmay_misc_feat_enclosed,
          nemelex_spade_bored_becter, uniq_terence, uniq_jessica
D:4:      grunt_gozag_statues, hangedman_feature_mirror, minmay_ruined_shrine
D:5:      old_standard_altar, first_bread

Skill      XL: |  1  2  3  4  5  6  7 |
---------------+----------------------+-----
Stealth        | 6 7 8 9 10 | 10.3
Short Blades   | 3 4 5 |  5.1
Fighting       | |  2.0
Throwing       | |  2.0
Dodging        | |  1.0

Action                   |  1- 3 |  4- 6 |  7- 9 || total
-------------------------+-------+-------+-------++-------
Melee: Dagger            |    44 |    98 |    30 ||   172
       Tentacles         |     8 |    15 |     5 ||    28
       Constrict         |     9 |    22 |     3 ||    34
Invok: Potion Petition   |       |     1 |       ||     1
Evoke: Wand              |       |       |     2 ||     2
  Use: Scroll            |     3 |     3 |       ||     6
       Potion            |     1 |     2 |     2 ||     5
 Stab: Sleeping          |    10 |    17 |     1 ||    28
       Distracted        |     1 |     2 |       ||     3
  Eat: Chunk             |     1 |       |       ||     1
       Bread ration      |       |     2 |       ||     2
Armor: Skin              |     7 |    16 |     2 ||    25
Dodge: Dodged            |    26 |    52 |    21 ||    99
